 Dungeon Crawl Stone Soup version 0.30.1-4-g462c640d31 (webtiles) character file.

Game seed: 10446580603498260069

61 Zeor the Caller (level 3, -4/14 HPs)
             Began as a Felid Summoner on Aug 25, 2023.
             Slain by a gnoll
             ... wielding a +0 heavy flail
              (18 damage)
             ... on level 2 of the Dungeon.
             The game lasted 00:05:31 (1781 turns).

Zeor the Caller (Felid Summoner)                    Turns: 1781, Time: 00:05:33

Health: -4/14      AC:  1    Str:  4    XL:     3   Next: 83%
Magic:  1/8        EV: 17    Int: 18    God:
Gold:   109        SH:  0    Dex: 16    Spells: 0/7 levels left
                                        Lives:  0   Deaths: 0

rFire   . . .        (weapon unavailable)
rCold   . . .        (shield unavailable)
rNeg    . . .        (body armour unavailable)
rPois   .            (helmet unavailable)
rElec   .            (cloak unavailable)
rCorr   .            (gloves unavailable)
SInv    +            (boots unavailable)
Will    .....        (no amulet)
Stlth   ++           (no ring)
HPRegen 0.22/turn    (no ring)
MPRegen 0.11/turn

%: no passive effects
@: quick
A: very small, claws 1, fangs 3, see invisible, speed 1, shaggy fur 1, stealthy
paws, no weapons or thrown items, no armour, multi-lived
a: no special abilities


You were on level 2 of the Dungeon.
You visited 1 branch of the dungeon, and saw 2 of its levels.

You collected 109 gold pieces.

Inventory:

Jewellery
 g - a ring of willpower
Potions
 a - a potion of magic
 b - a potion of lignification {unknown}
 c - a potion of might
 e - a potion of mutation {unknown}
 f - a potion of degeneration {unknown}


   Skills:
 * Level 2.8 Dodging
 + Level 2.9 Stealth
 + Level 2.9 Spellcasting
 + Level 4.8 Summonings


You couldn't memorise any spells.
You knew the following spells:

 Your Spells              Type           Power      Damage    Failure   Level
c - Call Canine Familiar  Summ           20%        N/A       7%          3
d - Magic Dart            Conj           8%         1d3       16%         1
i - Call Imp              Summ           40%        N/A       3%          2
m - Summon Small Mammal   Summ           80%        N/A       2%          1

Your spell library contained the following spells:

 Spells                   Type           Power      Damage    Failure   Level
 Summon Guardian Golem    Hex/Summ       11%        N/A       19%         3
 Ensorcelled Hibernation  Hex/Ice        4%         N/A       26%         2
 Passwall                 Tmut/Erth      1%         N/A       26%         2
 Mephitic Cloud           Conj/Pois/Air  2%         N/A       43%         3
 Swiftness                Air            2%         N/A       45%         3
 Summon Lightning Spire   Summ/Air       11%        N/A       52%         4


Dungeon Overview and Level Annotations

Branches:
Dungeon (2/15)

Altars:


Innate Abilities, Weirdness & Mutations

You have sharp claws.
You have razor-sharp teeth.
You have supernaturally acute eyesight. (SInv)
You cover ground quickly. (Speed+)
You are covered in fur. (AC +1)
Your paws help you pounce on unaware monsters.
You are incapable of wielding weapons or throwing items.
You cannot wear armour.
You gain extra lives every three experience levels.


Message History

The gnoll dies!
The gnoll completely misses you.
Your cerulean imp hits the gnoll from afar with a -3 spear.
Your bat hits the gnoll but does no damage.
Casting: Summon Small Mammal (safe; 2% risk of failure)
Confirm with . or Enter, or press ? or * to list all spells.
Aiming: Magic Dart (safe; 16% risk of failure)
Press: ? - help, Shift-Dir - straight line, f - gnoll
Aim: a gnoll, wielding a +0 halberd (lightly wounded, ally target, 100% to hit)
The magic dart hits the gnoll but does no damage.
The gnoll is lightly wounded.
Your bat closely misses the gnoll.
Your hound bites the gnoll.
Your bat hits the gnoll. The gnoll closely misses your bat.
The gnoll hits your hound with a +0 halberd.
Your cerulean imp hits the gnoll from afar with a -3 spear.
Your hound barely misses the gnoll.
Casting: Magic Dart (safe; 16% risk of failure)
Confirm with . or Enter, or press ? or * to list all spells.
Aiming: Magic Dart (safe; 16% risk of failure)
Press: ? - help, Shift-Dir - straight line, f/p - gnoll
Aim: a gnoll, wielding a +0 halberd (severely wounded, not watching you, ally target, 100% to hit)
The magic dart hits the gnoll.
The gnoll is almost dead.
Your bat hits the gnoll but does no damage.
Your hound closely misses the gnoll.
The gnoll barely misses you.
Your cerulean imp barely misses the gnoll.
Your quokka disappears in a puff of smoke!
Your hound bites the gnoll.
The gnoll dies!
Your cerulean imp hits the gnoll but does no damage.
Your hound misses the gnoll.
Your bat hits the gnoll but does no damage.
You scratch the gnoll.
The gnoll is lightly wounded.
Your bat hits the gnoll but does no damage.
Your hound bites the gnoll.
Your cerulean imp hits the gnoll from afar with a -3 spear.
The gnoll hits you with a +0 heavy flail!!
Ouch! That really hurt!
You die...

▒∙∙∙∙∙∙∙∙∙∙∙■
■∙∙
▒∙▒▒∙▒∙∙∙▒▒▒▒
▒▒▒ ▒∙▒▒∙∙▒ ▒
▒▒∙▒ ▒∙▒ ▒
▒#▒ ∙▒▒▒∙▒▒5▒
∙∙∙∙∙∙h)▒
∙∙∙∙∙)gh▒
∙▒▒▒b▒▒∙▒ ▒∙
∙∙∙ ∙ ∙∙∙▒▒ ▒
▒▒▒▒▒ ▒▒▒▒


∙∙∙∙ ▒▒▒▒ You could see a gnoll (ally target), a friendly hound (summoned), a
friendly cerulean imp (summoned) and a friendly bat (summoned).

Vanquished Creatures
  2 endoplasms
  3 hobgoblins (D:1)
  3 bats
  A rat (D:2)
9 creatures vanquished.

Vanquished Creatures (collateral kills)
  2 gnolls (D:2)
  A dart slug (D:1)
  2 ball pythons
  3 endoplasms (D:1)
  3 giant cockroaches
  4 goblins (D:1)
  2 jackals (D:1)
  A quokka (D:2)
  5 frilled lizards
  2 kobolds (D:1)
  4 rats
29 creatures vanquished.

Grand Total: 38 creatures vanquished

Notes
Turn   | Place    | Note
-------+----------+-------------------------------------------
     0 | D:1      | Zeor the Felid Summoner began the quest for the Orb.
     0 | D:1      | Reached XP level 1. HP: 7/7 MP: 4/4
     5 | D:1      | Learned a level 1 spell: Magic Dart
   211 | D:1      | Reached XP level 2. HP: 10/11 MP: 1/6
   269 | D:1      | Learned a level 2 spell: Call Imp
  1104 | D:1      | Reached XP level 3. HP: 14/14 MP: 1/7
  1169 | D:1      | Learned a level 3 spell: Call Canine Familiar
  1781 | D:2      | Slain by a gnoll

Illustrated notes

Levels and vault maps discovered:
D:1:      psy_arrival_statuary, layout_basic
D:2:      layout_loops_corners, serial_shops, nicolae_diamond_shop,
          minmay_pentomino_z4

Action                     || total
---------------------------++-------
  Melee: Unarmed           ||    14
   Cast: Summon Small Mamm ||    31
         Magic Dart        ||    34
         Call Imp          ||    12
         Call Canine Famil ||     2
    Use: Scroll            ||     5
 Armour: Skin              ||     2
  Dodge: Dodged            ||    16
